 Dungeon Crawl Stone Soup version 0.17-a0-1-g1f4be75 (webtiles) character file.

44082 McCoppin the Basher (level 13, -21/103 HPs)
             Began as a Demonspawn Chaos Knight on Mar 7, 2015.
             Killed from afar by an ice beast (29 damage)
             ... with an exploding inner flame
             ... hexed by the player character
             ... in an ice cave.
             The game lasted 01:46:11 (21125 turns).

McCoppin the Basher (Demonspawn Chaos Knight)      Turns: 21125, Time: 01:46:12

Health: -21/103    AC: 23    Str: 16    XL:     13   Next: 94%
Magic:  0/31       EV: 24    Int: 15    God:    Xom [......]
Gold:   1203       SH:  7    Dex: 27    Spells: 0 memorised, 12 levels left

rFire  . . .     SeeInvis .     o - +1 eveningstar (drain)
rCold  + . .     Clarity  .     T - +4 scale mail of a Hundred Hells {MR+ MP+9 Dex+3} (curse)
rNeg   . . .     SustAb   .     s - +0 buckler
rPois  .         Gourm    .     (helmet restricted)
rElec  .         Spirit   +     v - +2 cloak
rCorr  .         Warding  .     j - +1 pair of gloves
rMut   .         Stasis   .     (boots unavailable)
MR     ++...                    G - amulet of faith
Stlth  ++++++....               Y - +5 ring of protection
                                J - ring of stealth

@: agile, very resistant to hostile enchantments, very stealthy
A: antennae 1, talons 3, thin skeletal structure 3, cold resistance 1, magic
resistance 1, powered by pain 1, magic shield
a: Renounce Religion


You were in an ice cave.
You worshipped Xom.
You were a very special plaything of Xom.
You were not hungry.

You visited 2 branches of the dungeon, and saw 19 of its levels.
You also visited: Ice Cave and Volcano.

You collected 1301 gold pieces.
You spent 98 gold pieces at shops.

Inventory:

Hand weapons
 o - a +1 eveningstar of draining (weapon)
 p - the +7 long sword of Wofful {slice, rElec rF+ Str-4 Stlth+}
   (You found it on level 7 of the Lair of Beasts)

   It inflicts extra damage upon your enemies.
   It affects your strength (-4).
   It protects you from fire.
   It insulates you from electricity.
   It makes you more stealthy.
 u - a +2 lajatang of freezing
 Q - a +0 blowgun
Missiles
 h - 7 needles of confusion
 l - 6 needles of paralysis
 I - 118 poisoned needles
 O - 12 curare-tipped needles
Armour
 j - a +1 pair of gloves (worn)
 s - a +0 buckler (worn)
 v - a +2 cloak (worn)
 T - the cursed +4 scale mail of a Hundred Hells (worn) {MR+ MP+9 Dex+3}
   (You found it on level 5 of the Dungeon)

   It affects your dexterity (+3).
   It affects your resistance to hostile enchantments.
   It affects your magic capacity (+9).
   It has a curse placed upon it.
 V - a +2 helmet of intelligence
Jewellery
 g - an uncursed amulet of the gourmand
 y - an uncursed ring of see invisible
 z - a +5 ring of dexterity
 A - an uncursed amulet of resist mutation
 G - an amulet of faith (around neck)
 J - a ring of stealth (left hand)
 P - an uncursed amulet of stasis
 Y - a +5 ring of protection (right hand)
Magical devices
 d - a wand of cold (5)
 n - a wand of digging (9)
 w - a wand of confusion (30)
 D - a wand of teleportation (3)
 N - a wand of slowing (22)
 W - a wand of polymorph (15)
 X - a wand of paralysis (5)
Scrolls
 a - 2 scrolls of fog
 e - 3 scrolls of blinking
 f - 4 scrolls of teleportation
 r - a scroll of torment {unknown}
 t - a scroll of amnesia
 x - 7 scrolls of remove curse
 U - 4 scrolls of enchant armour
 Z - 7 scrolls of identify
Potions
 k - a potion of agility
 q - 4 potions of curing
 C - 2 potions of resistance
 E - a potion of berserk rage
 K - a potion of magic
 L - a potion of might
 M - a potion of cure mutation
 S - 4 potions of restore abilities
Books
 i - a book of Burglary

   Spells                             Type                      Level
   a - Swiftness                      Charms/Air                   2
   b - Passwall                       Transmutation/Earth          3
   c - Passage of Golubria            Translocation                4
   d - Lee's Rapid Deconstruction     Earth                        5
   e - Invisibility                   Hexes                        6
   f - Darkness                       Hexes                        7
Miscellaneous
 b - a phial of floods (inert)
Comestibles
 c - 5 bread rations
 m - 9 meat rations
 B - 7 fruits
 H - 12 beef jerkies
 R - 11 slices of pizza


   Skills:
 - Level 10.0 Fighting
 + Level 12.1 Maces & Flails
 - Level 10.1 Armour
 - Level 10.0 Dodging
 + Level 4.9 Stealth
 - Level 7.1 Shields
 - Level 6.2 Evocations


You had 12 spell levels left.
You didn't know any spells.

Dungeon Overview and Level Annotations

Branches:
Dungeon (11/15)            Temple (0/1) D:6            Lair (8/8) D:11
  Swamp (0/5) Lair:3       Spider (0/5) Lair:3          Orc (0/4) D:9
  Slime: Lair:6-8

Altars:
Cheibriados
Dithmenos
Elyvilon
Fedhas
Gozag
Makhleb
Okawaru
Qazlal
Ru
Trog
Vehumet
Xom
Yredelemnul
The Shining One

Shops:
D:5 ?   D:7 %


Innate Abilities, Weirdness & Mutations

You have claws for feet.
You have an unnaturally thin skeletal structure (Dex +6, Stealth++).
You sometimes gain a little power by taking damage.
When hurt, damage is shared between your health and your magic reserves.
You have a pair of small antennae on your head.
Your flesh is cold resistant.
You are resistant to hostile enchantments.


Message History

The fiery explosion engulfs you!
* * * LOW HITPOINT WARNING * * *
A shower of butterflies erupts from you!
The fiery explosion engulfs your butterfly.
You kill your butterfly!
The fiery explosion engulfs the ice beast.
The ice beast melts!
The ice beast explodes!
The fiery explosion engulfs you!
* * * LOW HITPOINT WARNING * * *
The fiery explosion engulfs the ice beast.
The ice beast melts!
The ice beast explodes!
The fiery explosion engulfs your butterfly.
You kill your butterfly!
The fiery explosion engulfs you!
* * * LOW HITPOINT WARNING * * *
The fiery explosion engulfs you!
You die...
Xom laughs nastily!

... ..8.©.8..
....!.)....
......)......
#....8...8....#
#.............#
#....§§§§...#
#..Y§§§§§§..#
#...§§@§§§..#
##..§§§§§§.##
##..b∩b..##
##.....##
#######


You could see an ice beast (inner flame).

Vanquished Creatures
  5 hydras
  7 death yaks
  A sun demon (Lair:3)
  An unseen horror (D:11)
  An oklob plant (D:11)
  2 hill giants (D:10)
  A wolf spider (Lair:3)
  2 centaur zombies (D:11)
  An ugly thing (D:11)
  25 elephants
  3 black mambas
  7 spiny frogs
  10 komodo dragons
  An orange demon (Lair:3)
  12 blink frogs
  A troll (D:9)
  A basilisk (Lair:3)
  A baby alligator (Lair:3)
  7 yaks
  A human (D:7)
  5 hippogriffs
  5 wyverns
  A fire bat (Volcano)
  16 wolves
  A swamp drake (Lair:3)
  14 porcupines
  A hell hound (Volcano)
  A wasp (Lair:3)
  10 water moccasins
  A black bear (D:9)
  A phantom (D:5)
  A necrophage (D:5)
  3 orc warriors
  8 ice beasts
  An ogre (D:10)
  2 sky beasts
  A boring beetle (shapeshifter) (Lair:3)
  15 crocodiles
  3 centaurs
  11 big kobolds
  21 giant frogs
  2 scorpions
  6 killer bees
  2 quasits
  3 wights (D:8)
  9 crimson imps
  2 giant frog zombies (D:11)
  A goliath beetle (Lair:7)
  Crazy Yiuf (D:2)
  17 hounds
  A jelly (D:5)
  6 orc priests
  4 giant frog skeletons
  7 iguanas
  5 orc wizards
  5 centaur skeletons
  6 hell rats (Lair:6)
  14 worker ants
  7 sheep
  Ijyb (D:2)
  2 hound skeletons
  A mummy (D:6)
  Robin (D:3)
  2 gnolls (D:2)
  35 adders
  46 river rats
  4 shadow imps
  4 giant mites (Lair:3)
  7 worms
  9 white imps
  An ufetubus (Lair:3)
  8 giant geckos
  An ooze (D:3)
  21 orcs
  3 ball pythons
  A bat skeleton (D:5)
  7 giant cockroaches
  22 goblins
  8 hobgoblins
  5 jackals
  15 quokkas
  11 bats
  A giant newt (shapeshifter) (D:10)
  8 giant newts
  27 kobolds
  2 quokka skeletons (D:5)
  15 rats
  2 ballistomycetes (D:11)
  2 butterflies (IceCv)
  A fungus (Lair:3)
  7 plants
590 creatures vanquished.

Vanquished Creatures (collateral kills)
  Pikel (D:4)
  An elephant (Lair:8)
  A black mamba (Lair:6)
  A two-headed ogre (Volcano)
  A fire drake (Volcano)
  A blink frog (Lair:1)
  2 wolves
  An ogre (D:8)
  9 big kobolds (D:9)
  A centaur (Volcano)
  An iguana (D:11)
  4 sheep
  A hound zombie (D:9)
  A gnoll (D:2)
  A giant mite (D:11)
  A white imp (Lair:8)
  3 goblins (D:3)
  10 kobolds
  A butterfly (Lair:6)
42 creatures vanquished.

Vanquished Creatures (others)
  A ball lightning (Lair:2)
  An elephant (Lair:6)
  A komodo dragon (Lair:3)
  A porcupine (Lair:7)
  A slave (D:4)
  A jelly (D:11)
  2 crimson imps
  2 quasits
  An iron imp (Lair:3)
  An iguana (D:4)
  An adder (D:4)
  A shadow imp (Lair:6)
  10 white imps
  An ufetubus (Lair:6)
  A hobgoblin (D:4)
  A giant spore (D:11)
  A kobold (D:9)
  A bush (Lair:3)
  4 butterflies
  9 fungi
  3 plants
45 creatures vanquished.

Grand Total: 677 creatures vanquished

Notes
Turn   | Place    | Note
--------------------------------------------------------------
     0 | D:1      | McCoppin, the Demonspawn Chaos Knight, began the quest for the Orb.
     0 | D:1      | Reached XP level 1. HP: 18/18 MP: 1/1
   406 | D:1      | XOM: harmless Trmt miscast
   427 | D:1      | Gained mutation: You have a somewhat thin skeletal structure (Dex +2, Stealth). [demonic ancestry]
   427 | D:1      | Reached XP level 2. HP: 17/24 MP: 2/2
   516 | D:1      | XOM: divination: detect creatures
  1311 | D:1      | Reached XP level 3. HP: 26/29 MP: 3/3
  1448 | D:2      | Found a white marble altar of Elyvilon.
  1448 | D:2      | Noticed Ijyb
  1469 | D:2      | Killed Ijyb
  1627 | D:2      | Found a radiant altar of Vehumet.
  1644 | D:2      | Reached skill level 4 in Fighting
  1687 | D:2      | Reached XP level 4. HP: 28/37 MP: 4/4
  1771 | D:2      | XOM: give mutation
  1771 | D:2      | Gained mutation: Your mind is acute. (Int +2) [Xom's mischief]
  1931 | D:2      | Found a shadowy altar of Dithmenos.
  2127 | D:2      | XOM: butterfly on damage
  2145 | D:2      | XOM: summons friendly white imp
  2157 | D:2      | XOM: 3-stop teleportation journey
  2181 | D:2      | XOM: silly message
  2214 | D:2      | XOM: god gift: runed lajatang {god gift}
  2631 | D:2      | Reached skill level 5 in Fighting
  2672 | D:2      | Noticed Crazy Yiuf
  2680 | D:2      | Killed Crazy Yiuf
  2680 | D:2      | Reached XP level 5. HP: 6/44 MP: 5/5
  2943 | D:2      | Found a burning altar of Makhleb.
  3007 | D:2      | XOM: noise
  3111 | D:3      | Reached skill level 6 in Fighting
  3111 | D:3      | Gained mutation: You have a moderately thin skeletal structure (Dex +4, Stealth+). [demonic ancestry]
  3111 | D:3      | Reached XP level 6. HP: 18/52 MP: 6/6
  3381 | D:3      | XOM: potion effect (berserk rage)
  3385 | D:3      | Reached skill level 7 in Fighting
  3402 | D:3      | XOM: silly message
  3604 | D:3      | Noticed Robin
  3625 | D:3      | XOM: summons friendly quasit
  3637 | D:3      | Killed Robin
  3916 | D:3      | Gained mutation: You have sharp toenails. [demonic ancestry]
  3916 | D:3      | Reached XP level 7. HP: 60/60 MP: 7/7
  3934 | D:3      | XOM: god gift: 16 poisoned bolts
  4034 | D:3      | XOM: enchant monster (bad)
  4242 | D:3      | XOM: vitrification
  4380 | D:4      | XOM: blink monster(s)
  4443 | D:4      | Reached skill level 8 in Fighting
  4448 | D:4      | XOM: summons friendly quasit
  4528 | D:4      | XOM: silly message
  4555 | D:4      | Noticed Pikel
  4576 | D:4      | XOM: summons friendly crimson imp
  4577 | D:4      | XOM: fog
  4592 | D:4      | Killed Pikel
  4592 | D:4      | Reached skill level 9 in Fighting
  4592 | D:4      | Gained mutation: You sometimes gain a little power by taking damage. [demonic ancestry]
  4592 | D:4      | Reached XP level 8. HP: 52/72 MP: 8/8
  4593 | D:4      | XOM: 2-stop teleportation journey
  4726 | D:4      | Reached skill level 10 in Fighting
  4800 | D:4      | Found a bloodstained altar of Trog.
  4804 | D:4      | Found a snail-covered altar of Cheibriados.
  4807 | D:4      | Found an iron altar of Okawaru.
  4809 | D:4      | XOM: silly message
  4845 | D:4      | Reached skill level 1 in Dodging
  4895 | D:4      | Found an opulent altar of Gozag.
  4899 | D:4      | XOM: scenery: 1 doors close
  4960 | D:4      | XOM: cast spell 'Ice Form'
  4965 | D:4      | XOM: scenery: 1 doors close
  5159 | D:5      | Entered Level 5 of the Dungeon
  5171 | D:5      | Found a basalt altar of Yredelemnul.
  5172 | D:5      | Noticed a profane servitor
  5178 | D:5      | Found a glowing golden altar of the Shining One.
  5179 | D:5      | Noticed an angel
  5300 | D:5      | Found a blossoming altar of Fedhas.
  5708 | D:5      | XOM: divination: detect items
  5742 | D:5      | Got a twisted scale mail
  5753 | D:5      | Identified the +4 scale mail of a Hundred Hells {MR+ MP+9 Dex+3} (You found it on level 5 of the Dungeon)
  5762 | D:5      | Found Pha Nam's Magic Scroll Boutique.
  5779 | D:5      | Bought a scroll of teleportation for 42 gold pieces
  5779 | D:5      | Bought 2 scrolls of identify for 56 gold pieces
  5884 | D:5      | XOM: enchant monster (good)
  6026 | D:5      | XOM: noise
  6111 | D:6      | XOM: medium Ice miscast
  6114 | D:6      | XOM: blink monster(s)
  6115 | D:6      | XOM: enchant monster (bad)
  6240 | D:6      | Gained mutation: When hurt, damage is shared between your health and your magic reserves. [demonic ancestry]
  6240 | D:6      | Reached XP level 9. HP: 78/78 MP: 9/9
  6615 | D:6      | Found a stormy altar of Qazlal.
  6637 | D:6      | XOM: harmless Necr miscast
  6723 | D:6      | XOM: mild Summ miscast
  6906 | D:6      | Found a staircase to the Ecumenical Temple.
  6914 | D:6      | Reached skill level 5 in Armour
  7043 | D:7      | Found Rolast's Food Shop.
  7276 | D:7      | XOM: confuse monster(s)
  7283 | D:7      | XOM: summons 2 friendly demons
  7286 | D:7      | Reached skill level 5 in Dodging
  7298 | D:7      | XOM: god gift: scroll of random uselessness
  7495 | D:7      | Found a shimmering altar of Xom.
  7875 | D:8      | XOM: cast spell 'Death Channel'
  7986 | D:8      | XOM: god gift: graven book {god gift}
  7990 | D:8      | Identified Xom's Catalogue of Glory (Xom gifted it to you on level 8 of the Dungeon)
  8109 | D:8      | XOM: vitrification
  8395 | D:9      | XOM: vitrification
  8432 | D:9      | Gained mutation: You have razor-sharp toenails. [demonic ancestry]
  8432 | D:9      | Reached XP level 10. HP: 85/85 MP: 10/10
  8439 | D:9      | XOM: fake destruction
  8590 | D:9      | Found a staircase to the Orcish Mines.
  8741 | D:9      | Found a shimmering altar of Xom.
  8744 | D:9      | Found a shimmering altar of Xom.
  8744 | D:9      | Found a shimmering altar of Xom.
  8745 | D:9      | Found a shimmering altar of Xom.
  8768 | D:9      | XOM: colour smoke trail
  8805 | D:9      | XOM: enchant monster (good)
  8808 | D:9      | XOM: enchant monster (bad)
  8815 | D:9      | XOM: potion effect (agility)
  8820 | D:9      | XOM: cast spell 'Summon Butterflies'
  8923 | D:9      | Gained mutation: You have a pair of small horns on your head. [mutagenic meat]
  8924 | D:9      | Gained mutation: You are resistant to hostile enchantments. [mutagenic meat]
  8925 | D:9      | Gained mutation: You have claws for feet. [mutagenic meat]
  9076 | D:10     | Entered Level 10 of the Dungeon
  9095 | D:10     | Noticed a hill giant
  9104 | D:10     | Killed a hill giant
  9202 | D:10     | XOM: colour smoke trail
  9242 | D:10     | XOM: divination: detect items
  9277 | D:10     | XOM: give mutations
  9277 | D:10     | Gained mutation: You can spit poison. [Xom's grace]
  9277 | D:10     | Gained mutation: You possess an exceptional clarity of mind. [Xom's grace]
  9322 | D:10     | XOM: vitrification
  9397 | D:10     | XOM: 3-stop teleportation journey
  9405 | D:10     | XOM: polymorph kobold -> giant cockroach
  9762 | D:10     | You fall through a shaft!
  9763 | D:11     | Noticed a brown ugly thing
  9767 | D:11     | XOM: summons 10 friendly demons
  9775 | D:11     | Killed a brown ugly thing
  9870 | D:11     | XOM: divination: detect items
  9871 | D:11     | Lost mutation: You have a pair of small horns on your head. [mutagenic meat]
 10026 | D:11     | XOM: noise
 10045 | D:11     | XOM: noise
 10052 | D:11     | XOM: chaos cloud
 10053 | D:11     | XOM: harmless Tloc miscast
 10099 | D:11     | Killed an unseen horror
 10099 | D:11     | Mutation became permanent: You have claws for feet. [demonic ancestry]
 10099 | D:11     | Reached XP level 11. HP: 78/90 MP: 11/11
 10113 | D:11     | XOM: enchant monster (good)
 10128 | D:11     | Noticed an eight-headed hydra
 10141 | D:11     | XOM: fake destruction
 10704 | D:11     | Noticed an oklob plant
 10715 | D:11     | XOM: mild Divn miscast
 10719 | D:11     | XOM: summons friendly quasit
 10738 | D:11     | Noticed a hill giant
 10749 | D:10     | XOM: chaos upgrade
 10752 | D:10     | Killed a hill giant
 10939 | D:11     | Found a staircase to the Lair.
 10958 | D:11     | XOM: harmless Divn miscast
 11095 | D:11     | XOM: medium Hex miscast
 11116 | D:11     | XOM: harmless Ice miscast
 11133 | D:11     | XOM: summons 4 hostile demons
 11330 | D:11     | XOM: enchant monster (good)
 11331 | D:11     | Killed an oklob plant
 11357 | Lair:1   | Entered Level 1 of the Lair of Beasts
 11368 | Lair:1   | XOM: enchant monster (good)
 11373 | Lair:1   | XOM: enchant monster (bad)
 11375 | Lair:1   | XOM: silly message
 11377 | Lair:1   | XOM: stat loss: -1 Str (14/15)
 11389 | Lair:1   | Reached skill level 10 in Armour
 11394 | Lair:1   | XOM: destruction
 11429 | D:11     | XOM: summons 4 hostile shadow creatures
 11504 | D:11     | XOM: confuse monster(s)
 11575 | Lair:1   | XOM: summons 11 friendly demons
 11847 | Lair:1   | Reached skill level 10 in Dodging
 11886 | Lair:1   | XOM: noise
 11893 | Lair:1   | XOM: cast spell 'Statue Form'
 11896 | Lair:1   | XOM: destruction
 11901 | Lair:1   | XOM: fog
 11918 | Lair:1   | Reached skill level 1 in Evocations
 12268 | Lair:1   | XOM: enchant monster (good)
 12393 | Lair:1   | XOM: summons friendly crimson imp
 12418 | Lair:1   | XOM: cast spell 'Ice Form'
 12592 | Lair:1   | XOM: enchant monster (good)
 12721 | Lair:2   | Reached skill level 5 in Evocations
 12726 | Lair:2   | XOM: divination: magic mapping
 12828 | Lair:2   | XOM: fake destruction
 12957 | Lair:2   | XOM: god gift: scroll labeled YLU FOIWINNOATZ
 13045 | Lair:2   | XOM: give mutation
 13045 | Lair:2   | Gained mutation: Your muscles are strong. (Str +2) [Xom's grace]
 13308 | Lair:2   | Noticed a seven-headed hydra
 13331 | Lair:2   | Killed a 19-headed hydra
 13421 | Lair:2   | XOM: swap monsters
 13422 | Lair:2   | XOM: god gift: 6 royal jellies
 13425 | Lair:2   | Reached skill level 5 in Maces & Flails
 13434 | Lair:2   | Lost mutation: You possess an exceptional clarity of mind. [potion of cure mutation]
 13434 | Lair:2   | Lost mutation: Your mind is acute. (Int +2) [potion of cure mutation]
 13434 | Lair:2   | Lost mutation: You are resistant to hostile enchantments. [potion of cure mutation]
 13615 | Lair:2   | XOM: confuse monster(s)
 13697 | Lair:2   | XOM: cast spell 'Conjure Ball Lightning'
 13787 | Lair:2   | XOM: god gift: 53 gold pieces
 13886 | Lair:3   | XOM: summons 3 hostile shadow creatures
 13889 | Lair:3   | Gained mutation: You have an unnaturally thin skeletal structure (Dex +6, Stealth++). [demonic ancestry]
 13889 | Lair:3   | Reached XP level 12. HP: 74/97 MP: 21/21
 13890 | Lair:3   | XOM: harmless Pois miscast
 13892 | Lair:3   | XOM: divination: detect items
 13895 | Lair:3   | XOM: summons 6 friendly demons
 14033 | Lair:3   | XOM: harmless Erth miscast
 14349 | Lair:3   | XOM: cast spell 'Confusing Touch'
 14361 | Lair:3   | XOM: harmless Trmt miscast
 14372 | Lair:3   | XOM: mild Tloc miscast
 14415 | Lair:3   | Found a staircase to the Swamp.
 14421 | Lair:3   | XOM: cast spell 'Ring of Flames'
 14421 | Lair:3   | XOM: smoke on damage
 14432 | Lair:3   | XOM: severe Fire miscast
 14435 | Lair:3   | XOM: chaos cloud
 14445 | Lair:3   | XOM: enchant monster (bad)
 14486 | Lair:3   | XOM: harmless Chrm miscast
 14566 | Lair:3   | XOM: mild Erth miscast
 14639 | Lair:3   | Found a hole to the Spider Nest.
 14655 | Lair:3   | Noticed a five-headed hydra
 14678 | Lair:3   | Killed a 19-headed hydra
 14760 | Lair:3   | XOM: enchant monster (bad)
 14761 | Lair:3   | XOM: summons 5 hostile demons
 14770 | Lair:3   | XOM: mild Air miscast
 15319 | Lair:3   | XOM: summons 3 hostile shadow creatures
 15358 | Lair:3   | XOM: harmless Tloc miscast
 15407 | Lair:4   | Identified the Catalogue of Stolen Souls (You found it on level 4 of the Lair of Beasts)
 15511 | Lair:4   | XOM: give mutations
 15511 | Lair:4   | Gained mutation: Your flesh is cold resistant. [Xom's mischief]
 15511 | Lair:4   | Lost mutation: Your muscles are strong. (Str +2) [Xom's mischief]
 15717 | Lair:4   | XOM: summons friendly quasit
 15755 | Lair:4   | XOM: destruction
 15763 | Lair:4   | XOM: cast spell 'Ring of Flames'
 15812 | Lair:4   | XOM: harmless Air miscast
 16057 | Lair:4   | Noticed a seven-headed hydra
 16072 | Lair:4   | Killed a seven-headed hydra
 16222 | Lair:4   | Reached skill level 10 in Maces & Flails
 16240 | Lair:4   | XOM: chaos cloud
 16244 | Lair:4   | Paralysed by you for 6 turns
 16260 | Lair:4   | Identified a scroll of acquirement
 16454 | Lair:4   | XOM: colour smoke trail
 16506 | Lair:4   | XOM: medium Necr miscast
 16538 | Lair:4   | XOM: god gift: dyed leather armour {god gift}
 16751 | Lair:5   | Got a ripped robe
 16773 | Lair:5   | Identified the +0 robe "Teat" {Int+6 Dex+2} (You found it on level 5 of the Lair of Beasts)
 16803 | Lair:5   | XOM: harmless Divn miscast
 16821 | Lair:5   | XOM: 4-stop teleportation journey
 16826 | Lair:5   | Reached skill level 1 in Shields
 16830 | Lair:5   | XOM: summons friendly ufetubus
 16835 | Lair:5   | XOM: confuse monster(s)
 16838 | Lair:5   | XOM: noise
 16850 | Lair:5   | XOM: scenery: 1 doors open
 16899 | Lair:5   | Found a dark tunnel.
 16907 | Volcano  | Entered a volcano
 16923 | Volcano  | XOM: 7-stop teleportation journey
 16924 | Volcano  | XOM: confuse monster(s)
 16929 | Volcano  | XOM: vitrification
 16935 | Volcano  | XOM: divination: magic mapping
 16957 | Volcano  | XOM: 1-stop teleportation journey
 16961 | Volcano  | XOM: summons friendly white imp
 17130 | Lair:5   | XOM: medium Hex miscast
 17269 | Lair:5   | Gained mutation: You are resistant to hostile enchantments. [potion of mutation]
 17269 | Lair:5   | Gained mutation: You have a pair of small antennae on your head. [potion of mutation]
 17278 | Lair:5   | XOM: silly message
 17328 | Lair:5   | XOM: divination: detect items
 17332 | Lair:5   | XOM: cast spell 'Blink'
 17537 | Lair:5   | XOM: confuse monster(s)
 17539 | Lair:5   | XOM: cast spell 'Cause Fear'
 17546 | Lair:5   | Reached XP level 13. HP: 98/103 MP: 22/22
 17609 | Lair:5   | XOM: scenery: create altars
 17810 | Lair:5   | Got a faintly humming scale mail
 17811 | Lair:5   | Identified the cursed -1 scale mail of Virtue {rN+ MR- Str+3} (You found it on level 5 of the Lair of Beasts)
 17903 | Lair:6   | XOM: harmless Chrm miscast
 17938 | Lair:6   | XOM: potion effect (berserk rage)
 18090 | Lair:6   | XOM: chaos cloud
 18092 | Lair:6   | Paralysed by you for 5 turns
 18142 | Lair:6   | XOM: mild Hex miscast
 18144 | Lair:6   | XOM: mild Summ miscast
 18150 | Lair:6   | XOM: enchant monster (bad)
 18166 | Lair:6   | XOM: harmless Conj miscast
 18168 | Lair:6   | XOM: confuse monster(s)
 18169 | Lair:6   | XOM: mild Chrm miscast
 18173 | Lair:6   | Reached skill level 5 in Shields
 18310 | Lair:6   | XOM: divination: magic mapping
 18490 | Lair:6   | XOM: summons 3 friendly demons
 18491 | Lair:6   | XOM: harmless Fire miscast
 18520 | Lair:6   | XOM: mild Erth miscast
 18525 | Lair:6   | Reached skill level 11 in Maces & Flails
 18541 | Lair:6   | XOM: medium Fire miscast
 18545 | Lair:6   | XOM: cast spell 'Shadow Creatures'
 18615 | Lair:6   | XOM: god gift: leatherbound book {god gift}
 18662 | Lair:6   | XOM: god gift: 4 silver javelins
 18836 | Lair:6   | XOM: god gift: glowing hunting sling {god gift}
 18881 | Lair:6   | XOM: summons 11 friendly demons
 18891 | Lair:6   | XOM: destruction
 18892 | Lair:6   | XOM: confuse monster(s)
 18939 | Lair:6   | XOM: harmless Air miscast
 18974 | Lair:6   | XOM: god gift: dagger {god gift}
 19109 | Lair:6   | XOM: enchant monster (bad)
 19112 | Lair:6   | XOM: summons friendly white imp
 19195 | Lair:6   | XOM: silly message
 19205 | Lair:6   | XOM: medium Ice miscast
 19213 | Lair:6   | XOM: harmless Conj miscast
 19292 | Lair:6   | XOM: vitrification
 19524 | Lair:6   | XOM: vitrification
 19688 | Lair:7   | XOM: enchant monster (good)
 19689 | Lair:7   | Got a polished long sword
 19691 | Lair:7   | Identified the +7 long sword of Wofful {slice, rElec rF+ Str-4 Stlth+} (You found it on level 7 of the Lair of Beasts)
 19696 | Lair:7   | Reached skill level 1 in Stealth
 19735 | Lair:7   | XOM: enchant monster (good)
 19747 | Lair:7   | XOM: harmless Air miscast
 19755 | Lair:7   | XOM: fog
 19764 | Lair:7   | XOM: confusion (+ monsters)
 19771 | Lair:7   | XOM: medium Chrm miscast
 19773 | Lair:7   | XOM: silly message
 20177 | Lair:7   | XOM: give mutation
 20177 | Lair:7   | Lost mutation: You can spit poison. [Xom's mischief]
 20289 | Lair:7   | XOM: mild Tloc miscast
 20392 | Lair:7   | XOM: mild Conj miscast
 20503 | Lair:7   | Found a sacrificial altar of Ru.
 20693 | Lair:7   | XOM: silly message
 20718 | Lair:7   | XOM: chaos cloud
 20721 | Lair:7   | XOM: snakes to sticks
 20723 | Lair:7   | XOM: destruction
 20733 | Lair:7   | XOM: destruction
 20948 | Lair:7   | Reached skill level 12 in Maces & Flails
 21072 | Lair:8   | Entered Level 8 of the Lair of Beasts
 21072 | Lair:8   | Found a frozen archway.
 21077 | Lair:8   | XOM: swap monsters
 21084 | Lair:8   | XOM: divine lightning
 21090 | Lair:8   | XOM: cast spell 'Olgreb's Toxic Radiance'
 21118 | IceCv    | Entered an ice cave
 21120 | IceCv    | XOM: destruction
 21125 | IceCv    | XOM: butterfly on damage
 21125 | IceCv    | Killed from afar by an ice beast

Action                   |  1- 3 |  4- 6 |  7- 9 | 10-12 | 13-15 || total
-------------------------+-------+-------+-------+-------+-------++-------
Melee: Mace              |   127 |    35 |       |       |       ||   162
       Dagger            |    22 |       |       |       |       ||    22
       Lajatang          |       |   112 |   351 |   870 |       ||  1333
       Eveningstar       |       |       |       |   120 |   515 ||   635
       Great mace        |       |       |       |     6 |       ||     6
 Fire: Blowgun           |       |       |       |     1 |       ||     1
Evoke: Wand              |       |       |       |     6 |       ||     6
       Phial of floods   |       |       |       |       |     1 ||     1
  Use: Scroll            |     4 |       |    15 |     8 |     2 ||    29
       Potion            |       |     2 |     2 |    16 |     2 ||    22
 Stab: Sleeping          |     1 |     1 |    21 |    14 |     9 ||    46
       Confused          |     1 |       |     3 |     5 |    13 ||    22
       Distracted        |       |       |     2 |     5 |     2 ||     9
       Paralysed         |       |       |       |    38 |     2 ||    40
       Petrified         |       |       |       |     2 |       ||     2
       Invisible         |       |       |       |     1 |     1 ||     2
  Eat: Chunk             |     5 |     4 |     7 |     5 |     5 ||    26
       Beef jerky        |       |     1 |       |       |       ||     1
       Bread ration      |       |       |     2 |     4 |     2 ||     8
       Royal jelly       |       |       |       |     7 |       ||     7
